Map: Blackpink LE

Players

liquidthermy (uThermal) - Winner!

  • Race: Terran Terran
  • League: Grandmaster
  • Spawn Location: 1:00

AiLillekanin (Lillekanin)

  • Race: Terran Terran
  • League: Master
  • Spawn Location: 7:00

Event: WESG Barcelona European Finals 2017

VOD

Have the link to the VOD?

Description

Time

  • Played on: Nov. 23, 2017, 10:59 a.m.
  • Length: 8:09

All games in this series

Show
View Real Time Build Order
Export as new Build Order

liquidthermy Terran - Winner!

Build Orders: Gas First Reaper Expand, Reaper Expand 

Get SALT Encoding   

  12  0:01  SCV  
  13  0:13  SCV  
  14  0:17  Supply Depot  
  14  0:25  SCV  
  14  0:27  Refinery  
  15  0:38  SCV  
  16  0:44  Barracks  
  16  0:50  SCV  
  17  1:03  SCV  
  18  1:15  SCV  
  19  1:31  Reaper, Orbital Command  
  20  1:45  Command Center  
  20  1:57  SCV  
  21  2:03  Factory  
  21  2:05  Reaper  
  22  2:13  Supply Depot  
  22  2:16  Refinery  
  22  2:17  SCV  
  23  2:35  SCV  
  24  2:37  Marine  
  25  2:47  SCV  
  29  2:55  Marine  
  29  2:59  SCV, Orbital Command  
  29  3:03  Starport  
  30  3:10  Cyclone  
  30  3:13  SCV, Marine  
  32  3:24  SCV  
  32  3:25  SCV  
  34  3:33  Bunker  
  35  3:35  Barracks Reactor  
  35  3:36  SCV  
  35  3:38  SCV  
  35  3:40  Viking  
  37  3:45  Cyclone  
  40  3:48  SCV  
  40  3:50  SCV  
  40  3:51  Engineering Bay  
  42  4:01  SCV, Supply Depot  
  43  4:05  SCV  
  44  4:12  Marine x2  
  46  4:17  Terran Infantry Weapons Level 1  
  46  4:18  Factory Tech Lab  
  46  4:23  SCV x2  
  48  4:31  Marine x2  
  48  4:35  SCV x2  
  51  4:40  Siege Tank  
  54  4:47  SCV  
  54  4:58  Starport Reactor  
  54  4:59  Barracks  
  54  5:01  Barracks  
  54  5:02  SCV, Refinery x2  
  54  5:03  Barracks Tech Lab  
  54  5:06  Supply Depot  
  54  5:08  SCV  
  55  5:16  SCV  
  55  5:17  Supply Depot  
  55  5:20  SCV  
  57  5:23  Marine  
  57  5:24  Stimpack  
  57  5:25  Siege Tank  
  57  5:28  SCV  
  62  5:30  Supply Depot  
  62  5:32  SCV  
  63  5:40  SCV  
  64  5:44  SCV  
  64  5:45  Marine  
  64  5:46  Starport Reactor  
  66  5:52  SCV  
  66  5:55  Marine x2  
  66  5:56  SCV  
  70  5:59  Siege Tank  
  70  6:03  Marine  
  74  6:04  SCV  
  74  6:06  Marine  
  74  6:08  SCV  
  77  6:12  Marine  
  77  6:13  Marine  
  77  6:14  Terran Infantry Armor Level 1  
  77  6:15  Marine  
  80  6:19  Supply Depot  
  80  6:20  SCV, Supply Depot  
  80  6:21  Marine  
  80  6:25  Marine  
  82  6:26  Medivac x2  
  82  6:29  Supply Depot  
  86  6:39  Supply Depot  
  86  6:40  Marine, Siege Tank  
  86  6:44  Marine  
  85  6:49  Marine x3  
  87  6:56  Medivac  
  87  6:58  Marine  
  89  7:01  Medivac, Marine  
  89  7:07  Marine x2  
  94  7:11  Marine  
  94  7:14  Supply Depot  
  95  7:16  Marine  
  95  7:19  Marine  
  97  7:25  Marine x2  
  97  7:29  Marine  
  98  7:34  Marine  
  99  7:37  Marine  
  99  7:43  Marine x2  
  102  7:47  Marine  
  108  7:59  Command Center  
Show
View Real Time Build Order
Export as new Build Order

AiLillekanin Terran 

Build Orders: 1/1/1, Cyclone Opening, Mech 

Get SALT Encoding   

  12  0:00  SCV  
  13  0:12  SCV  
  14  0:17  Supply Depot  
  14  0:25  SCV  
  15  0:29  Refinery  
  15  0:39  SCV  
  16  0:46  Barracks  
  16  0:51  SCV  
  17  0:57  Refinery  
  17  1:03  SCV  
  18  1:15  SCV  
  20  1:33  Reaper  
  20  1:34  Orbital Command  
  20  1:37  Factory  
  20  1:43  Supply Depot  
  20  2:00  SCV  
  21  2:06  Reaper  
  22  2:14  SCV  
  23  2:24  Starport, Cyclone  
  23  2:26  SCV  
  27  2:34  Supply Depot  
  27  2:41  Barracks Tech Lab  
  27  2:43  SCV  
  27  2:55  SCV  
  28  3:07  SCV  
  28  3:10  Raven  
  31  3:12  Command Center  
  31  3:15  Widow Mine  
  31  3:19  Barracks Reactor  
  33  3:22  SCV  
  34  3:34  SCV  
  35  3:46  SCV  
  36  3:58  SCV  
  37  4:04  Viking  
  37  4:08  Supply Depot  
  39  4:11  SCV, Siege Tank, Viking  
  39  4:14  Supply Depot  
  45  4:23  SCV  
  46  4:27  Refinery  
  46  4:29  Orbital Command  
  46  4:33  Supply Depot  
  46  4:35  SCV  
  47  4:38  Viking  
  47  4:47  SCV  
  47  4:48  Siege Tank  
  51  4:55  SCV  
  51  4:59  SCV  
  53  5:07  SCV  
  53  5:09  Viking  
  53  5:11  SCV  
  57  5:15  Viking  
  57  5:19  SCV  
  60  5:28  Siege Tank  
  61  5:32  SCV  
  61  5:33  SCV  
  63  5:39  Supply Depot  
  63  5:43  Viking  
  63  5:49  Viking  
  67  6:01  SCV  
  66  6:08  SCV  
  67  6:13  Viking  
  67  6:16  SCV  
  70  6:19  Viking, Refinery  
  70  6:20  Supply Depot  
  72  6:26  SCV  
  76  6:32  Siege Tank  
  76  6:41  SCV  
  76  6:43  SCV, Viking  
  80  6:49  Viking  
  80  6:53  SCV, Supply Depot  
  83  6:57  Barracks Reactor  
  83  6:59  Factory, SCV  
  84  7:13  Viking  
  86  7:17  SCV, Supply Depot  
  86  7:19  Engineering Bay, Viking  
  89  7:26  SCV  
  90  7:41  Factory  
  87  7:54  SCV  
  87  7:55  SCV  
Tags
 
Add a new tag
Caveats
  • Supply blocks, unpowered buildings, or Contaminate may cause inaccurate times.
  • Supply counts are checked every 10 seconds.